 Dungeon Crawl Stone Soup version 0.28-a0-511-gcc94558de3 (webtiles) character file.

Game seed: 15791393678059935483

30 siradein the Insei (level 3, 0/24 (26) HPs)
             Began as a Demonspawn Transmuter on Sept 22, 2021.
             Slain by a necrophage (7 damage)
             ... on level 3 of the Dungeon.
             The game lasted 00:02:51 (1571 turns).

siradein the Insei (Demonspawn Transmuter)          Turns: 1571, Time: 00:02:51

HP:   0/24 (26)     AC:  3    Str: 11    XL:     3   Next: 5%
MP:   4/6           EV: 11    Int: 20    God:
Gold: 80            SH:  4    Dex: 13    Spells: 5/6 levels left

rFire   + . .      SeeInvis .     - Unarmed
rCold   . . .      Faith    .   (no shield)
rNeg    . . .      Spirit   .   b - +0 leather armour
rPois   .          Reflect  .   (helmet currently unavailable)
rElec   .          Harm     .   (no cloak)
rCorr   .          Rampage  .   (no gloves)
Will    .....                   (boots currently unavailable)
Stlth   +.........              (no amulet)
HPRegen 0.08/turn               d - +6 ring of intelligence
MPRegen 0.10/turn               i - ring of protection from fire

@: appendages (expiring), very slightly contaminated, drained
A: horns 2, talons 1, condensation shield
a: End Transformation


You were on level 3 of the Dungeon.
You had temporarily grown beastly horns.
You visited 1 branch of the dungeon, and saw 3 of its levels.

You collected 80 gold pieces.

Inventory:

Armour
 b - a +0 leather armour (worn)
Jewellery
 d - a +6 ring of intelligence (left hand)
 i - a ring of protection from fire (right hand)
 l - a ring of protection from cold
Wands
 h - a wand of digging (6)
Scrolls
 a - a scroll of enchant armour {unknown}
 e - 2 scrolls of teleportation {unknown}
 f - a scroll of blinking {unknown}
 g - a scroll of brand weapon {unknown}
 j - a scroll of magic mapping {unknown}
Potions
 c - a potion of curing {unknown}
 k - a potion of attraction {unknown}


   Skills:
 + Level 1.5 Fighting
 + Level 2.1 Dodging
 + Level 2.9 Unarmed Combat
 + Level 2.2 Spellcasting
 + Level 2.1 Transmutations


You had 5 spell levels left.
You knew the following spells:

 Your Spells              Type           Power      Damage    Failure   Level
a - Beastly Appendage     Tmut           20%        N/A       9%          1

Your spell library contained the following spells:

 Spells                   Type           Power      Damage    Failure   Level
 Wereblood                Tmut           10%        N/A       13%         2
 Slow                     Hex            2%         N/A       30%         2
 Spider Form              Tmut/Pois      3%         N/A       36%         3
 Confusing Touch          Hex            2%         N/A       52%         3
 Vampiric Draining        Necr           1%         2d6       52%         3
 Ice Form                 Ice/Tmut       6%         N/A       78%         4


Dungeon Overview and Level Annotations

Branches:
Dungeon (3/15)

Altars:


Innate Abilities, Weirdness & Mutations

You have temporarily grown beastly horns.
You have sharp toenails.
A meltable shield of frost defends you. (SH +4)


Message History

The jackal bites you but does no damage.
The jackal bites you.
You barely miss the jackal. You claw the jackal, but do no damage.
The jackal is heavily wounded.
You block the jackal's attack.
You hit the jackal but do no damage. You claw the jackal, but do no damage.
The jackal is heavily wounded.
The jackal closely misses you.
You closely miss the jackal. You claw the jackal. You headbutt the jackal.
You kill the jackal!
The necrophage hits you.
You feel drained.
You barely miss the necrophage. The necrophage closely misses you.
You barely miss the necrophage. Your kick misses the necrophage.
You headbutt the necrophage.
The necrophage is lightly damaged.
You hit the necrophage but do no damage.
You claw the necrophage. You headbutt the necrophage.
The necrophage is moderately damaged.
Your transformation is almost over.
The necrophage hits you.
You are too injured to fight recklessly!
Casting: Beastly Appendage (safe; 9% risk of failure)
Press: ? - help, Q - select action Dir - look around, f - activate You miscast Beastly Appendage.
You are very lightly contaminated with residual magic.
Nothing appears to happen.
The necrophage hits you.
Casting: Beastly Appendage (safe; 9% risk of failure)
Press: ? - help, Q - select action Dir - look around, f - activate You miscast Beastly Appendage.
Nothing appears to happen.
You block the necrophage's attack.
You are too injured to fight recklessly!
You hit the necrophage. You claw the necrophage.
The necrophage is heavily damaged.
The necrophage hits you.
You feel drained.
* * * LOW HITPOINT WARNING * * *
You hit the necrophage. Your kick misses the necrophage.
The necrophage is severely damaged.
The necrophage hits you!
You die...

.....### #....##. #.
#########.##....
.......#. .#
##.......###...
.......#. .#
##.####### #...
.......#.#.# #.# #..#
.......#...# #.# ##..
.......###### #.# #)#
............########.#
#..
.........#.....n@....#
###
...........###########
/.......#### ..##...##
.####### #


You could see a necrophage.

Vanquished Creatures
  A worm (D:2)
  A dart slug (D:2)
  3 endoplasms
  A giant cockroach (D:1)
  2 goblins (D:2)
  2 hobgoblins (D:2)
  5 jackals
  2 quokkas
  A frilled lizard (D:3)
  A kobold (D:2)
  3 rats
22 creatures vanquished.

Notes
Turn   | Place    | Note
-------+----------+-------------------------------------------
     0 | D:1      | siradein the Demonspawn Transmuter began the quest for the
                  | Orb.
     0 | D:1      | Reached XP level 1. HP: 15/15 MP: 3/3
   325 | D:1      | You fall into a shaft and drop 1 floor!
   346 | D:2      | Mutation became permanent: You have sharp toenails.
                  | [demonic ancestry]
   346 | D:2      | Gained mutation: You have razor-sharp toenails. [demonic
                  | ancestry]
   346 | D:2      | Reached XP level 2. HP: 12/21 MP: 1/5
   792 | D:2      | Found a faded altar of an unknown god.
  1486 | D:3      | Gained mutation: A meltable shield of frost defends you.
                  | (SH +4) [demonic ancestry]
  1486 | D:3      | Reached XP level 3. HP: 26/26 MP: 4/6
  1542 | D:3      | Noticed a necrophage
  1571 | D:3      | Slain by a necrophage

Illustrated notes

Levels and vault maps discovered:
D:1:      eino_arrival_cavern_e, layout_basic, serial_shops,
          nicolae_shop_waterfront
D:2:      layout_basic, dreamdust_ecumenical_altar_statues, dk_vineyard_3,
          interstate_on_off, minmay_misc_feat_rugged
D:3:      layout_rooms, mainiacjoe_overflow_cross_hatched,
          serial_co_window_serial, co_window_cross_1, co_window_paths_b,
          co_window_paths_a, co_window_of_opportunity_a, co_window_paths_a,
          co_window_unsneaky_path_e, co_window_cross_3,
          co_window_of_opportunity_b, co_window_corner_b, co_window_2corner,
          glass_columns_a

Skill      XL: |  1  2 |
---------------+-------+-----
Dodging        | 2 |  2.1
Transmutations | 2 |  2.1
Fighting       | |  1.5
Unarmed Combat | |  2.9
Spellcasting   | |  2.2

Action                   || total
-------------------------++-------
Melee: Unarmed           ||    70
       Kick              ||    16
       Headbutt          ||    15
 Cast: Beastly Appendage ||    14
Armor: Leather armour    ||    10
Dodge: Dodged            ||    41
Block: Other             ||     4

Table legend: (Time is in decaauts)
 A = Elapsed time spent in this place.
 B = Non-inter-level travel time spent in this place.
 C = Inter-level travel time spent in this place.
 D = Time resting spent in this place.
 E = Time spent auto-exploring this place.
 F = Levels seen in this place.
 G = Mean time per level.
                   A        B        C        D        E       F      G
               +--------+--------+--------+--------+--------+-----+--------+
         Total |   1567 |   1552 |     15 |      0 |   1349 |   3 |  522.3 |
       Dungeon |   1567 |   1552 |     15 |      0 |   1349 |   3 |  522.3 |
               +--------+--------+--------+--------+--------+-----+--------+

Top non-repeatable levels by time:
     D:2: 1048 daAuts
     D:1: 324 daAuts
     D:3: 194 daAuts
